 Dungeon Crawl Stone Soup version 0.31.0-32-g396128a36d (webtiles) character file.

Game seed: 829491529422096535

733 SignedInBlood the Chiller (level 7, -4/53 HPs)
             Began as a Vampire Ice Elementalist on Mar 29, 2024.
             Slain by Edmund
             ... wielding a +1 dire flail of holy wrath
              (7 damage)
             ... on level 5 of the Dungeon.
             The game lasted 00:09:00 (4935 turns).

SignedInBlood the Chiller (VpIE)                    Turns: 4935, Time: 00:09:01

Health: -4/53      AC:  7    Str:  7    XL:     7   Next: 45%
Magic:  1/10       EV: 15    Int: 20    God:
Gold:   235        SH:  0    Dex: 14    Spells: 3/10 levels left

rFire   + . .        i - +0 short sword (venom)
rCold   . . .        (no shield)
rNeg    . . .        d - +2 ring mail {rF+}
rPois   .            (no helmet)
rElec   .            (no cloak)
rCorr   .            (no gloves)
SInv    +            (no boots)
Will    .....        (no amulet)
Stlth   ++           E - +5 ring of evasion
HPRegen 0.48/turn    (no ring)
MPRegen 0.12/turn

%: no passive effects
@: freezing walls, very slightly contaminated, healing quickly
A: alive, fangs 3, see invisible, vampiric 2
a: Exsanguinate


You were on level 5 of the Dungeon.
You visited 1 branch of the dungeon, and saw 5 of its levels.

You collected 291 gold pieces.
You spent 56 gold pieces at shops.


Innate Abilities, Weirdness & Mutations

Your natural rate of healing is accelerated.
You have razor-sharp teeth.
You have supernaturally acute eyesight. (SInv)
You are afflicted with vampirism and can become a bat while bloodless.


   Skills:
 + Level 3.6 Fighting
 - Level 2.1 Dodging
 - Level 3.0 Stealth
 - Level 2.0 Spellcasting
 - Level 4.0 Summonings
 - Level 7.0 Ice Magic


You had 3 spell levels left.
You knew the following spells:

 Your Spells              Type           Power      Damage    Failure   Level
b - Summon Ice Beast      Ice/Summ       24%        N/A       17%         3
f - Freeze                Ice            100%       1d10      3%          1
r - Frozen Ramparts       Ice            60%        1d10      10%         3

Your spell library contained the following spells:

 Spells                   Type           Power      Damage    Failure   Level
 Ozocubu's Armour         Ice            30%        N/A       10%         3
 Call Imp                 Summ           36%        N/A       16%         2
 Magic Dart               Conj           8%         1d3       50%         1
 Blink                    Tloc           4%         N/A       63%         2
 Searing Ray              Conj           4%         2d4       63%         2
 Fugue of the Fallen      Necr           2%         N/A       86%         3
 Gell's Gravitas          Tloc           2%         N/A       86%         3
 Teleport Other           Tloc           2%         N/A       86%         3
 Cause Fear               Hex            1%         N/A       99%         4
 Fulminant Prism          Conj/Alch      1%         3d5       99%         4
 Manifold Assault         Tloc           2%         N/A       99%         4
 Fireball                 Conj/Fire      1%         3d3       100%        5
 Dispersal                Tloc           1%         N/A       100%        6
 Dragon's Call            Summ           9%         N/A       100%        9

Inventory:

Hand Weapons
 i - a +0 short sword of venom (weapon)
 t - a +2 dagger of pain
Missiles
 e - 22 poisoned darts
Armour
 a - a +0 robe
 d - a +2 ring mail of fire resistance (worn)
Magical Staves
 w - a staff of air {!a}
Jewellery
 E - a +5 ring of evasion (left hand)
Wands
 u - a wand of charming (5)
Scrolls
 b - a scroll of enchant weapon {unknown}
 c - a scroll of fear {unknown}
 f - 2 scrolls of brand weapon {unknown}
 n - 2 scrolls of immolation {unknown}
 q - 2 scrolls of amnesia {unknown}
 x - a scroll of teleportation {unknown}
Potions
 g - a potion of magic
 h - a potion of attraction {unknown}
 k - a potion of enlightenment
 l - a potion of brilliance
 m - 2 potions of invisibility {unknown}
 o - a potion of might
 p - a potion of curing {unknown}
 r - 2 potions of heal wounds {unknown}
 v - a potion of resistance

Dungeon Overview and Level Annotations

Branches:
Dungeon (5/15)
 Temple: D:4-7

Altars:
Dithmenos
Nemelex Xobeh

Shops:
D:4 ?   D:5 :

Annotations:
D:5 Edmund, Menkaure

.######
...... .....
#... .l. #.#
#.## #@.#
##@# #.<#
.....@...#
..........#
.......##...
......# ..##
...... ..#
##.... .#


You could see Edmund (very poisoned) and an iguana.


Message History

Casting: Summon Ice Beast (dangerous; 17% risk of failure)
Confirm with . or Enter, or press ? or * to list all spells.
Casting: Frozen Ramparts (dangerous; 10% risk of failure)
Press: ? - help, Dir - look around, f - activate Look: Edmund, wielding a +1 dire flail of holy wrath and wearing a +2 leather armour of fire resistance
Okay, then.
Casting: Frozen Ramparts (dangerous; 10% risk of failure)
Confirm with . or Enter, or press ? or * to list all spells.
Casting: Frozen Ramparts (dangerous; 10% risk of failure)
Press: ? - help, Dir - look around, f - activate The walls around you are covered in ice.
The wall freezes Edmund but does no damage.
Edmund hits you with a +1 dire flail of holy wrath!
You convulse!
* * * LOW HITPOINT WARNING * * *
You hit Edmund.
Edmund is lightly wounded.
The wall freezes Edmund.
Edmund hits you with a +1 dire flail of holy wrath!
* * * LOW HITPOINT WARNING * * *
You convulse!
* * * LOW HITPOINT WARNING * * *
An iguana comes into view.
The iguana hisses angrily.
You hit Edmund.
Edmund is poisoned.
Edmund is moderately wounded.
The wall freezes Edmund!
Edmund hits you with a +1 dire flail of holy wrath!
You die...
Edmund whines, "They better pay attention to me now!"

Skill      XL: |  1  2  3  4  5  6  7 |
---------------+----------------------+-----
Fighting       | 1 2 3 |  3.6
Ice Magic      | 5 6 7 |  7.0
Summonings     | 1 3 4 |  4.0
Dodging        | |  2.1
Stealth        | |  3.0
Spellcasting   | |  2.0

Action                     |  1- 3 |  4- 6 |  7- 9 || total
---------------------------+-------+-------+-------++-------
  Melee: Unarmed           |    15 |       |       ||    15
         Bite              |    13 |    22 |     4 ||    39
         Dagger            |    71 |       |       ||    71
         Short sword       |    46 |   251 |    33 ||   330
         Punch             |     1 |     6 |       ||     7
   Cast: Freeze            |    10 |       |       ||    10
         Frozen Ramparts   |     1 |     5 |     2 ||     8
         Summon Ice Beast  |       |     3 |     2 ||     5
    Use: Potion            |     1 |       |       ||     1
         Scroll            |       |       |     5 ||     5
   Stab: Sleeping          |     3 |     3 |       ||     6
 Armour: Robe              |    21 |       |       ||    21
         Ring mail         |    67 |   164 |    21 ||   252
  Dodge: Dodged            |    77 |   326 |    23 ||   426

Levels and vault maps discovered:
D:1:      spicycebolla_arrival_ecumenical, layout_loops_ring,
          amcnicky_mini_rare_corridor_liquid
D:2:      layout_basic, basic_altar, cheibrodos_gnoll_hut
D:3:      kennysheep_goblin_castle, layout_basic, kennysheep_cross_bottleneck,
          solitary_fountain, kennysheep_nub, goddamned_bats
D:4:      layout_gridville, grunt_nemelex_the_gamble, serial_shops,
          nicolae_shop_stone, supply_closet_lemuel, minmay_hedge_maze
D:5:      layout_cave_pods, okawaru_gym_becter, nicolae_ru_the_path_less_chosen,
          serial_shops, shop, uniq_edmund, uniq_menkaure

Notes
Turn   | Place    | Note
-------+----------+-------------------------------------------
     0 | D:1      | SignedInBlood the Vampire Ice Elementalist began the quest
                  | for the Orb.
     0 | D:1      | Reached XP level 1. HP: 13/13 MP: 3/3
    67 | D:1      | Reached skill level 1 in Fighting
   107 | D:1      | Reached XP level 2. HP: 17/21 MP: 5/5
   231 | D:1      | Reached skill level 2 in Fighting
   745 | D:1      | Gained mutation: You are afflicted with vampirism and can
                  | become a bat while bloodless. [Vampire growth]
   745 | D:1      | Reached XP level 3. HP: 22/27 MP: 6/6
   749 | D:1      | Learned a level 3 spell: Frozen Ramparts
  1409 | D:2      | Reached skill level 5 in Ice Magic
  1626 | D:2      | Reached XP level 4. HP: 33/33 MP: 7/7
  1734 | D:2      | Found a shadowy altar of Dithmenos.
  1992 | D:3      | Noticed a phantom
  2028 | D:2      | Learned a level 3 spell: Summon Ice Beast
  2162 | D:3      | Reached skill level 1 in Summonings
  2162 | D:3      | Reached XP level 5. HP: 38/38 MP: 8/8
  2230 | D:3      | Reached skill level 2 in Summonings
  2473 | D:3      | Killed a phantom
  2474 | D:3      | Reached skill level 3 in Summonings
  2474 | D:3      | Reached skill level 6 in Ice Magic
  2474 | D:3      | Reached XP level 6. HP: 24/44 MP: 9/9
  3043 | D:3      | Noticed Ijyb
  3061 | D:3      | Killed Ijyb
  3386 | D:3      | Reached skill level 4 in Summonings
  3944 | D:4      | Found a sparkling altar of Nemelex Xobeh.
  3944 | D:4      | Found a transporter.
  3944 | D:4      | Noticed a steam dragon
  3962 | D:4      | Killed a steam dragon
  3963 | D:4      | Reached skill level 7 in Ice Magic
  3963 | D:4      | Reached XP level 7. HP: 35/51 MP: 3/10
  4083 | D:4      | Found Relicax's Magic Scroll Emporium.
  4095 | D:4      | Bought a scroll of identify for 28 gold pieces
  4095 | D:4      | Bought a scroll of identify for 28 gold pieces
  4097 | D:4      | Identified a potion of resistance
  4492 | D:5      | Entered Level 5 of the Dungeon
  4499 | D:5      | Reached skill level 3 in Fighting
  4608 | D:5      | Found Ceig's Book Boutique.
  4707 | D:5      | Noticed Menkaure
  4927 | D:5      | Noticed Edmund
  4934 | D:5      | HP: 2/53 [Edmund/+1 dire flail of holy wrath (7)]
  4935 | D:5      | Slain by Edmund

Vanquished Creatures
  A bullfrog (D:4)
  A vampire bat (D:3)
  2 hounds
  An orc priest (D:5)
  Ijyb (D:3)
  An iguana (D:4)
  An orc wizard (D:5)
  4 gnolls
  3 adders
  4 dart slugs
  3 fire bats (D:3)
  8 orcs
  2 spectral bats (D:3)
  11 ball pythons
  3 bat skeletons (D:3)
  A bat zombie (D:3)
  13 endoplasms
  3 giant cockroaches (D:1)
  13 goblins
  11 hobgoblins
  9 jackals
  13 bats
  A bat simulacrum (D:3)
  2 frilled lizards
  6 kobolds
  2 rats
120 creatures vanquished.

Vanquished Creatures (collateral kills)
  A steam dragon (D:4)
  A phantom (D:3)
  An orc (D:5)
3 creatures vanquished.

Grand Total: 123 creatures vanquished

Table legend: (Time is in decaauts)
 A = Elapsed time spent in this place.
 B = Non-inter-level travel time spent in this place.
 C = Inter-level travel time spent in this place.
 D = Time resting spent in this place.
 E = Time spent auto-exploring this place.
 F = Levels seen in this place.
 G = Mean time per level.
                   A        B        C        D        E       F      G
               +--------+--------+--------+--------+--------+-----+--------+
         Total |   4933 |   4726 |    207 |    929 |   2818 |   5 |  986.6 |
       Dungeon |   4933 |   4726 |    207 |    929 |   2818 |   5 |  986.6 |
               +--------+--------+--------+--------+--------+-----+--------+

Top non-repeatable levels by time:
     D:3: 1483 daAuts
     D:4: 1210 daAuts
     D:2: 1071 daAuts
     D:1: 930 daAuts
     D:5: 237 daAuts

Table legend:
 A = Non-vault XP
 B = Vault XP
 C = Vault XP percentage of total XP
 D = Non-vault monster count
 E = Vault monster count
 F = Vault count percentage of total count
                 A         B        C        D         E       F
            +---------+---------+-------+---------+---------+-------
      Total |     527 |     521 |  49.7 |      86 |      37 |  30.1
            +---------+---------+-------+---------+---------+-------
        D:1 |      44 |       0 |   0.0 |      23 |       0 |   0.0
        D:2 |      52 |      18 |  25.7 |      21 |       3 |  12.5
        D:3 |     176 |     232 |  56.9 |      17 |      32 |  65.3
        D:4 |     125 |     271 |  68.4 |      18 |       2 |  10.0
        D:5 |     130 |       0 |   0.0 |       7 |       0 |   0.0
            +---------+---------+-------+---------+---------+-------
